 Dungeon Crawl Stone Soup version 0.22-a0-614-g34fbaa0 (webtiles) character file.

245329 royokou the Devastator (level 18, -5/115 HPs)
             Began as a Deep Elf Conjurer on July 17, 2018.
             Was an Elder of Sif Muna.
             Shot with a bolt by a yaktaur (16 damage)
             ... led by a vault warden
             ... on level 1 of the Vaults.
             The game lasted 04:43:29 (51628 turns).

royokou the Devastator (Deep Elf Conjurer)         Turns: 51628, Time: 04:43:29

Health: -5/115     AC: 15    Str:  6    XL:     18   Next: 76%
Magic:  41/47      EV: 26    Int: 25    God:    Sif Muna [****..]
Gold:   624        SH:  0    Dex: 16    Spells: 4/45 levels left

rFire    + + .     SeeInvis .   L - +9 great sword (freeze)
rCold    . . .     Gourm    .   (shield currently unavailable)
rNeg     + + +     Faith    .   Z - +1 robe of Piafroez {rPois}
rPois    +         Spirit   .   u - +2 helmet
rElec    +         Reflect  .   r - +2 cloak
rCorr    .         Harm     .   z - +2 pair of gloves
MR       ++...                  K - +2 pair of boots
Stlth    ++........             e - amulet of magic regeneration
HPRegen  0.29/turn              C - ring of the Gloaming {rElec rF+ rN+ MR+}
MPRegen  0.55/turn              s - ring of Cicoexko {+Blink rF+ rN++ MP+9 Str-2}

@: divine energy
A: no striking features
}: 2/15 runes: decaying, gossamer
a: Stop Divine Energy, Channel Magic, Forget Spell, Renounce Religion, Evoke
Blink


You were on level 1 of the Vaults.
You worshipped Sif Muna.
Sif Muna was greatly pleased with you.
You were not hungry.

You visited 6 branches of the dungeon, and saw 33 of its levels.

You collected 3627 gold pieces.
You spent 3003 gold pieces at shops.

Inventory:

Hand Weapons
 L - a +9 great sword of freezing (weapon)
Armour
 r - a +2 cloak (worn)
 u - a +2 helmet (worn)
 w - a scarf of cloud immunity
 y - the +1 pearl dragon scales of Dogmatism {*Drain rPois rN+ MP+9 Int+3}
   (You bought it in a shop on level 2 of the Orcish Mines)

   It affects your intelligence (+3).
   It protects you from poison.
   It protects you from negative energy.
   It affects your magic capacity (+9).
   It causes draining when unequipped.
 z - a +2 pair of gloves (worn)
 K - a +2 pair of boots (worn)
 N - a +0 robe of fire resistance
 Y - +0 swamp dragon scales
 Z - the +1 robe of Piafroez (worn) {rPois}
   (You found it on level 6 of the Lair of Beasts)

   It protects you from poison.
Jewellery
 d - a +3 amulet of reflection
 e - an amulet of magic regeneration (around neck)
 s - the ring of Cicoexko (right hand) {+Blink rF+ rN++ MP+9 Str-2}
   (You found it on level 1 of the Spider Nest)

   [ring of strength]

   It affects your strength (-2).
   It protects you from fire.
   It greatly protects you from negative energy.
   It affects your magic capacity (+9).
   It lets you blink.
 C - the ring of the Gloaming (left hand) {rElec rF+ rN+ MR+}
   (You found it on level 3 of the Spider Nest)

   [ring of protection from fire]

   It protects you from fire.
   It insulates you from electricity.
   It protects you from negative energy.
   It affects your resistance to hostile enchantments.
 E - the ring "Cecem" {Fire Str+4 Dex+2}
   (You found it on level 7 of the Dungeon)

   [ring of fire]

   It enhances your fire magic.
   It affects your strength (+4).
   It affects your dexterity (+2).
   It protects you from fire.
   It makes you vulnerable to cold.
 I - an uncursed ring of see invisible
Wands
 m - a wand of digging (6)
 n - a wand of disintegration (64)
 F - a wand of iceblast (20)
 H - a wand of flame (97)
 J - a wand of clouds (7)
 M - a wand of acid (18)
 O - a wand of enslavement (17)
 T - a wand of paralysis (25)
Scrolls
 b - 2 scrolls of blinking
 f - 9 scrolls of teleportation
 h - 4 scrolls of magic mapping
 l - 18 scrolls of remove curse
 v - 5 scrolls of amnesia
 x - 3 scrolls of identify
 G - 5 scrolls of fog
 P - a scroll of holy word
 R - a scroll of silence
 V - 3 scrolls of fear
Potions
 a - 3 potions of cancellation
 g - a potion of agility
 i - 6 potions of haste
 k - a potion of invisibility
 o - 10 potions of brilliance
 p - 4 potions of might
 t - 12 potions of curing
 A - 2 potions of berserk rage
 B - 5 potions of mutation
 Q - 4 potions of flight
 S - 2 potions of magic
 U - 3 potions of heal wounds
 X - 2 potions of ambrosia
Miscellaneous
 q - a lightning rod (4/4)
 D - a phantom mirror
 W - a lamp of fire
Comestibles
 c - 19 rations


   Skills:
 + Level 13.5 Fighting
 + Level 10.3 Long Blades
 + Level 17.8 Dodging
 - Level 2.4 Stealth
 - Level 14.0 Spellcasting
 - Level 19.2 Conjurations
 - Level 4.0 Hexes
 * Level 7.3 Summonings
 - Level 4.0 Translocations
 - Level 4.0 Air Magic
 - Level 9.0 Invocations


You had 4 spell levels left.
You knew the following spells:

 Your Spells              Type           Power        Failure   Level  Hunger
a - Orb of Destruction    Conj           #######...   1%          7    ######.
b - Searing Ray           Conj           ######       0%          2    None
d - Iskenderun's Mystic   Conj           #######.     0%          4    None
e - Fulminant Prism       Conj/Hex       ######....   1%          4    None
f - Force Lance           Conj/Tloc      ######..     1%          4    None
g - Blink                 Tloc           N/A          1%          2    None
h - Conjure Flame         Conj/Fire      ######..     1%          3    None
i - Mephitic Cloud        Conj/Pois/Air  ######..     1%          3    None
j - Lightning Bolt        Conj/Air       ######....   1%          5    ##.....
k - Spellforged Servitor  Conj/Summ      ######....   12%         7    ######.

Your spell library contained the following spells:

 Spells                   Type           Power        Failure   Level  Hunger
 Magic Dart               Conj           ####         0%          1    None
 Fireball                 Conj/Fire      ######....   1%          5    ##.....
 Apportation              Tloc           #####.       1%          1    None
 Bolt of Fire             Conj/Fire      ######....   10%         6    ####...
 Bolt of Cold             Conj/Ice       ######....   10%         6    ####...
 Bolt of Magma            Conj/Fire/Erth #####.....   6%          5    ##.....
 Slow                     Hex            #####...     1%          2    None
 Throw Frost              Conj/Ice       ######       1%          2    None
 Freezing Cloud           Conj/Ice/Air   ######....   21%         6    ####...
 Venom Bolt               Conj/Pois      ######....   1%          5    ##.....
 Summon Small Mammal      Summ           ####         1%          1    None
 Animate Dead             Necr           N/A          32%         4    None
 Animate Skeleton         Necr           N/A          3%          1    None
 Borgnjor's Revivificati  Necr           ###.......   100%        8    #######
 Ozocubu's Refrigeration  Ice            ###.......   99%         6    ####...
 Sticky Flame             Conj/Fire      ######..     1%          4    None
 Call Imp                 Summ           ######..     1%          2    None
 Regeneration             Chrm/Necr      ###.......   10%         3    None
 Sting                    Conj/Pois      ####         1%          1    None
 Corpse Rot               Necr           N/A          4%          2    None
 Iron Shot                Conj/Erth      ######....   10%         6    ####...
 Stone Arrow              Conj/Erth      ######       1%          3    None
 Recall                   Summ/Tloc      N/A          1%          3    None
 Spider Form              Tmut/Pois      ###.......   10%         3    None
 Blade Hands              Tmut           ###.......   65%         5    ##.....
 Statue Form              Tmut/Erth      ###......    99%         6    ####...
 Ice Form                 Ice/Tmut       ###.....     32%         4    None
 Death Channel            Necr           ###.......   99%         6    ####...
 Throw Icicle             Conj/Ice       ######..     1%          4    None
 Glaciate                 Conj/Ice       ######....   100%        9    #######
 Airstrike                Air            #####.....   6%          4    None
 Confusing Touch          Hex            #####.       1%          1    None
 Flame Tongue             Conj/Fire      #####        1%          1    None
 Passwall                 Tmut/Erth      ###.....     4%          2    None
 Sticks to Snakes         Tmut           ###.....     4%          2    None
 Metabolic Englaciation   Hex/Ice        ####......   36%         5    ##.....
 Shatter                  Erth           ###.......   100%        9    #######
 Static Discharge         Conj/Air       ######..     1%          3    None
 Simulacrum               Ice/Necr       ###.......   99%         6    ####...
 Conjure Ball Lightning   Conj/Air       ######....   4%          6    ####...
 Passage of Golubria      Tloc           N/A          6%          4    None
 Leda's Liquefaction      Hex/Erth       ####......   14%         4    None
 Shroud of Golubria       Chrm/Tloc      ####......   2%          2    None
 Beastly Appendage        Tmut           ###...       3%          1    None
 Iskenderun's Battlesphe  Conj/Chrm      ######..     1%          5    ##.....
 Dazzling Spray           Conj/Hex       ######       1%          3    None
 Infusion                 Chrm           ###.         3%          1    None
 Song of Slaying          Chrm           ###.....     4%          2    None
 Spectral Weapon          Hex/Chrm       ####....     4%          3    None
 Summon Lightning Spire   Summ/Air       #####...     3%          4    None
 Yara's Violent Unravell  Hex/Tmut       ####......   36%         5    ##.....
 Ignition                 Fire           ###.......   100%        8    #######
 Borgnjor's Vile Clutch   Necr/Erth      ###.......   65%         5    ##.....


Dungeon Overview and Level Annotations

Branches:
Dungeon (15/15)            Temple (0/1) D:4            Lair (6/6) D:11
  Swamp (4/4) Lair:3       Spider (4/4) Lair:2        Slime (0/5) Lair:5
    Orc (2/2) D:10            Elf (0/3) Orc:2        Vaults (2/5) D:14
 Depths (0/5) D:15
  Crypt: Vaults:2-3

Altars:
Ashenzari
Elyvilon
Hepliaklqana
Kikubaaqudgha
Nemelex Xobeh
Okawaru
Qazlal
Ru
Sif Muna
Uskayaw
Vehumet
Xom
Yredelemnul
Beogh
Jiyva

Shops:
D:6 [   D:13 }   Orc:2 !![}:

Annotations:
D:7 2 transporters
D:8 3 runed doors, TySteely's ghost, novice DEFE; pmoppi's ghost, novice KoEn
D:10 3 runed doors, mibe's ghost, journeyman BaIE
Lair:5 1 runed door
Spider:2 1 runed door, Anno's ghost, journeyman FeEn
Spider:4 Mara
Orc:1 3 runed doors, SevenDeadlySins's ghost, journeyman MiBe


Message History

The lance of force misses the vault warden.
The vault warden hits you with a dire flail!!
* * * LOW HITPOINT WARNING * * *
Casting: Force Lance (safe; 1% risk of failure)
Confirm with . or Enter, or press ? or * to list all spells.
Aiming: Force Lance (safe; 1% risk of failure)
Press: ? - help, Shift-Dir - straight line, f/p - vault warden
Aim: a vault warden, wielding a dire flail and wearing a plate armour (almost dead)
Okay, then.
Unknown command.
Unknown command.
Unknown command.
You feel much better.
The runic seal fades away.
The vault warden hits you with a dire flail!!
* * * LOW HITPOINT WARNING * * *
Casting: Force Lance (safe; 1% risk of failure)
Confirm with . or Enter, or press ? or * to list all spells.
You blink.
The runic seal fades away.
The yaktaur wields an arbalest.
The yaktaur shoots a bolt.
The bolt hits you!
You die...

..................#...#'#+##
..................##'##.'.#
.................)##.'.##########
...........[..)...##'#'#...'.....
##########........#..#.'...#.....
#####....#........+..###...#.....
##..#.##.#........#### #####.....
##..#.##.+........# #.....
###'#....#......@.# #.....
#....##'##........###############
#.##.#.)##).§p....#.........#....
#.##.[[.##........#.........#....
#..(.#####.......c'.........#....
###'#########.....#..p*.....'....
.#..........#.....#..cc.....'....
.#.##.##.##.#.....#.(().....'....
.#.##.##.##.#.....###########[...


You could see a vault warden and a yaktaur.

Vanquished Creatures
  the Lernaean hydra (Swamp:4)
  Nikola (Swamp:1)
  Arachne (Spider:4)
  Frances (Swamp:1)
  A sphinx (Vaults:1)
  Kirke (D:13)
  A thorn hunter (Swamp:4)
  An orc warlord (Orc:2)
  A vault warden (Vaults:1)
  3 ghost moths
  3 emperor scorpions
  2 ironheart preservers (Vaults:1)
  2 very ugly things
  2 entropy weavers
  Azrael (D:13)
  Nessos (D:13)
  A spark wasp (Spider:4)
  2 fire dragons
  A yaktaur captain (Vaults:1)
  A great orb of eyes (Vaults:1)
  Erolcha (Orc:2)
  A rakshasa (Vaults:1)
  10 vault guards
  18 hydras
  5 centaur warriors
  A catoblepas (Lair:6)
  4 ogre magi (Vaults:1)
  8 death yaks
  12 two-headed ogres
  Erica (Orc:1)
  16 alligators
  3 tengu warriors
  2 deep elf knights (Vaults:1)
  2 iron trolls (D:13)
  7 skeletal warriors (D:15)
  An unseen horror (D:13)
  2 wizards (Vaults:1)
  A deep troll (D:13)
  4 spriggan druids
  A lindwurm (Lair:6)
  3 flayed ghosts
  A shambling mangrove (Swamp:1)
  A glowing orange brain (Vaults:1)
  A necromancer (D:15)
  10 swamp dragons (Swamp:4)
  4 ironbrand convokers
  2 wolf spider zombies
  7 orc knights
  10 orb spiders
  4 oklob plants (Lair:4)
  A deep elf archer (Vaults:1)
  33 wolf spiders
  2 moths of wrath (Spider:4)
  16 ugly things
  12 orc sorcerers
  A fire giant zombie (D:15)
  3 deep elf magi
  7 cyclopes
  2 manticores (D:14)
  3 molten gargoyles (Lair:6)
  Joseph (D:8)
  A sphinx skeleton (D:15)
  5 centaur zombies
  2 vault sentinels (Vaults:1)
  16 elephants
  Maurice (Orc:1)
  A gargoyle (D:14)
  5 black mambas
  23 spiny frogs
  A spriggan zombie (D:15)
  13 komodo dragons
  A rime drake (Lair:4)
  4 freezing wraiths (Vaults:1)
  7 yaktaurs (Vaults:1)
  A yaktaur (shapeshifter) (D:14)
  10 demonic crawlers
  A tengu conjurer (D:13)
  33 jumping spiders
  15 trolls
  12 tyrant leeches
  A polar bear (Lair:4)
  22 hornets
  11 blink frogs
  Prince Ribbit (D:7)
  7 hippogriffs
  5 bog bodies
  A human simulacrum (Vaults:1)
  10 slime creatures
  A water elemental (D:13)
  2 shadows
  A centaur simulacrum (D:12)
  14 spriggans
  22 tarantellas
  39 redbacks
  4 wraiths
  12 wyverns
  A spriggan skeleton (D:15)
  53 yaks
  Eustachio (D:5)
  6 fire elementals
  3 hungry ghosts
  A hog (D:13)
  16 vampire mosquitoes
  3 steam dragons (Lair:6)
  A basilisk (Lair:6)
  5 wargs
  6 insubstantial wisps
  18 swamp worms
  3 acid dragons
  8 water moccasins
  6 hell hounds
  8 porcupines
  8 ice beasts
  23 orc warriors
  18 swamp drakes
  8 sky beasts
  3 black bears
  2 eyes of draining (D:13)
  3 boggarts
  22 ogres
  6 wolves
  23 crocodiles
  17 centaurs
  An elf zombie (D:15)
  3 big kobolds
  25 bullfrogs
  2 wyvern zombies
  5 scorpions
  12 wights (D:8)
  5 electric eels
  11 howler monkeys
  5 lava snakes
  5 crimson imps
  7 human zombies (D:15)
  3 bullfrog zombies
  7 hounds
  2 quasits
  4 centaur skeletons
  2 jellies
  36 orc wizards
  2 bullfrog skeletons
  19 orc priests
  Crazy Yiuf (D:2)
  Terence (D:2)
  A human skeleton (D:15)
  2 iguanas
  11 worker ants
  2 killer bee zombies (D:6)
  An ogre skeleton (D:15)
  2 mummies (D:15)
  10 adders
  4 shadow imps
  An ooze (D:2)
  4 worms
  7 dart slugs
  6 leopard geckos
  79 orcs
  A ball python (D:6)
  3 bats
  6 giant cockroaches
  14 goblins
  6 hobgoblins
  13 jackals
  7 quokkas
  4 frilled lizards
  A jackal skeleton (D:7)
  36 kobolds
  A leopard gecko skeleton (D:6)
  8 rats
  3 fulminant prisms
  3 fungi
  4 plants
1227 creatures vanquished.

Vanquished Creatures (collateral kills)
  An ogre (Vaults:1)
1 creature vanquished.

Vanquished Creatures (others)
  A hydra (Swamp:4)
  2 hornets (Swamp:1)
  2 spriggans (Swamp:1)
  A human (D:14)
  A centaur (D:14)
  102 fulminant prisms
  21 fungi
  13 plants
  5 withered plants
148 creatures vanquished.

Grand Total: 1376 creatures vanquished

Notes
Turn   | Place    | Note
-------+----------+-------------------------------------------
     0 | D:1      | royokou the Deep Elf Conjurer began the quest for the Orb.
     0 | D:1      | Reached XP level 1. HP: 10/10 MP: 6/6
   185 | D:1      | Reached XP level 2. HP: 15/15 MP: 2/8
   189 | D:1      | Learned a level 2 spell: Searing Ray
   332 | D:1      | Reached skill level 5 in Conjurations
   599 | D:1      | Reached XP level 3. HP: 19/19 MP: 7/10
   617 | D:1      | Learned a level 3 spell: Dazzling Spray
  1085 | D:2      | Found a runed door.
  1121 | D:2      | Reached XP level 4. HP: 24/24 MP: 9/12
  1127 | D:2      | Learned a level 4 spell: Iskenderun's Mystic Blast
  1343 | D:2      | Noticed Terence
  1352 | D:2      | Killed Terence
  1571 | D:2      | Noticed Crazy Yiuf
  1577 | D:2      | Killed Crazy Yiuf
  1577 | D:2      | Reached skill level 6 in Conjurations
  1634 | D:3      | Reached XP level 5. HP: 28/28 MP: 7/14
  1795 | D:3      | Found a hide-covered altar of Uskayaw.
  2034 | D:3      | Found a deep blue altar of Sif Muna.
  2044 | D:3      | Became a worshipper of Sif Muna the Loreminder
  2100 | D:3      | Reached skill level 5 in Spellcasting
  2106 | D:3      | Learned a level 4 spell: Fulminant Prism
  2365 | D:3      | Noticed an air elemental
  2366 | D:3      | Found a stormy altar of Qazlal.
  2368 | D:3      | Noticed a fire elemental
  2368 | D:3      | Noticed a water elemental
  2556 | D:3      | Reached skill level 1 in Hexes
  2722 | D:4      | Reached skill level 7 in Conjurations
  2722 | D:4      | Reached XP level 6. HP: 31/32 MP: 11/16
  3278 | D:4      | Found a staircase to the Ecumenical Temple.
  3407 | D:4      | Reached * piety under Sif Muna
  3593 | D:4      | Reached XP level 7. HP: 36/36 MP: 8/17
  4053 | D:4      | Learned a level 4 spell: Force Lance
  4337 | D:4      | Reached skill level 8 in Conjurations
  5112 | D:5      | Entered Level 5 of the Dungeon
  5178 | D:5      | Reached skill level 1 in Translocations
  5372 | D:5      | Noticed Eustachio
  5527 | D:5      | Killed Eustachio
  5527 | D:5      | Reached ** piety under Sif Muna
  5527 | D:5      | Reached XP level 8. HP: 40/41 MP: 8/20
  5924 | D:5      | Reached skill level 9 in Conjurations
  6533 | D:6      | Reached skill level 10 in Conjurations
  6533 | D:6      | Reached XP level 9. HP: 45/45 MP: 17/23
  6666 | D:6      | Reached skill level 1 in Fighting
  6666 | D:6      | Reached skill level 5 in Dodging
  6860 | D:6      | Found Pauvuciu's Armour Shop.
  7157 | D:6      | Reached *** piety under Sif Muna
  7339 | D:7      | Noticed Prince Ribbit
  7343 | D:7      | Killed Prince Ribbit
  7429 | D:7      | Noticed a deep elf mage
  7430 | D:7      | Found a sacrificial altar of Ru.
  7436 | D:7      | Found a transporter.
  7511 | D:7      | Got a brightly glowing brass ring
  7512 | D:7      | Identified the ring "Cecem" {Fire Str+4 Dex+2} (You found it on level 7 of the Dungeon)
  7654 | D:7      | Found a white marble altar of Elyvilon.
  7885 | D:7      | Found a transporter.
  8004 | D:8      | Reached skill level 11 in Conjurations
  8099 | D:8      | Found a runed gate.
  8112 | D:8      | Found a runed gate.
  8112 | D:8      | Found a runed gate.
  8116 | D:8      | Noticed TySteely's ghost (novice DEFE)
  8116 | D:8      | Noticed pmoppi's ghost (novice KoEn)
  8172 | D:8      | Found an iron altar of Okawaru.
  8204 | D:8      | Reached XP level 10. HP: 55/55 MP: 16/25
  8314 | D:8      | Reached **** piety under Sif Muna
  8495 | D:8      | Noticed Joseph
  8505 | D:8      | Found a shimmering altar of Xom.
  8516 | D:8      | Killed Joseph
  8516 | D:8      | Reached skill level 10 in Spellcasting
  8627 | D:8      | Noticed a two-headed ogre
  8632 | D:8      | Killed a two-headed ogre
  8632 | D:8      | Reached skill level 12 in Conjurations
  8744 | D:8      | Found a radiant altar of Vehumet.
  9248 | D:9      | Noticed a two-headed ogre
  9255 | D:9      | Killed a two-headed ogre
  9348 | D:9      | Found a sparkling altar of Nemelex Xobeh.
  9407 | D:9      | You fall through a shaft for 2 floors!
  9407 | D:11     | Found a staircase to the Lair.
  9417 | D:11     | Reached XP level 11. HP: 38/62 MP: 15/27
  9422 | D:11     | Noticed a cyan ugly thing
 10036 | D:11     | Reached skill level 13 in Conjurations
 10114 | D:11     | Got a translucent scale mail
 10125 | D:11     | Identified the +2 scale mail of Muttered Phrases {Str+9 Int-5 Stlth+} (You found it on level 11 of the Dungeon)
 10300 | D:11     | Reached skill level 1 in Invocations
 10375 | D:11     | Noticed a tengu warrior
 10390 | D:11     | Killed a tengu warrior
 10390 | D:11     | Reached ***** piety under Sif Muna
 10631 | D:11     | Killed a cyan ugly thing
 10631 | D:11     | Reached skill level 5 in Fighting
 10712 | D:11     | Identified Sif Muna's Volume of Gliding Changing (Sif Muna gifted it to you on level 11 of the Dungeon)
 10712 | D:11     | Received a gift from Sif Muna
 10816 | D:11     | Learned a level 2 spell: Blink
 10820 | D:11     | Learned a level 3 spell: Conjure Flame
 10824 | D:11     | Learned a level 3 spell: Mephitic Cloud
 10830 | D:11     | Learned a level 5 spell: Lightning Bolt
 10979 | D:10     | Entered Level 10 of the Dungeon
 11148 | D:10     | Found a staircase to the Orcish Mines.
 11245 | D:10     | Reached skill level 1 in Air Magic
 11406 | D:10     | Noticed mibe's ghost (journeyman BaIE)
 11427 | D:10     | Found a runed gate.
 11427 | D:10     | Found a runed gate.
 11427 | D:10     | Found a runed gate.
 11555 | D:10     | Noticed a centaur warrior
 11561 | D:10     | Killed a centaur warrior
 12206 | D:9      | Found a basalt altar of Yredelemnul.
 12206 | D:9      | Found a shattered altar of Ashenzari.
 12236 | D:9      | Found a hazy altar of Hepliaklqana.
 12316 | D:9      | Reached skill level 14 in Conjurations
 12879 | Lair:1   | Entered Level 1 of the Lair of Beasts
 13022 | Lair:1   | Reached XP level 12. HP: 69/69 MP: 12/28
 13286 | Lair:1   | Identified Sif Muna's Wizardry in Simple Steps (Sif Muna gifted it to you on level 1 of the Lair of Beasts)
 13286 | Lair:1   | Received a gift from Sif Muna
 13840 | Lair:2   | Reached skill level 5 in Invocations
 14570 | Lair:2   | Found a hole to the Spider Nest.
 15610 | Lair:3   | Reached skill level 15 in Conjurations
 16122 | Lair:3   | Found a staircase to the Swamp.
 16347 | Lair:3   | Reached skill level 10 in Dodging
 16790 | Lair:4   | Noticed an eight-headed hydra
 16797 | Lair:4   | Killed an eight-headed hydra
 16799 | Lair:4   | Reached XP level 13. HP: 71/76 MP: 0/29
 17992 | Lair:4   | Reached skill level 16 in Conjurations
 20627 | Lair:5   | Identified Mipreeqa's Papyrus of Confrontation (Sif Muna gifted it to you on level 5 of the Lair of Beasts)
 20627 | Lair:5   | Received a gift from Sif Muna
 20659 | Lair:5   | Found a runed door.
 20659 | Lair:5   | Found a viscous altar of Jiyva.
 20659 | Lair:5   | Found a staircase to the Slime Pits.
 20659 | Lair:5   | Noticed an acid blob
 20949 | Lair:6   | Entered Level 6 of the Lair of Beasts
 21274 | Lair:6   | Reached XP level 14. HP: 84/84 MP: 20/31
 21785 | Lair:6   | Reached skill level 17 in Conjurations
 22275 | Lair:5   | Learned a level 7 spell: Orb of Destruction
 22544 | Lair:6   | Reached skill level 1 in Long Blades
 23050 | Lair:6   | Found a large runed door.
 23051 | Lair:6   | Found a large runed door.
 23126 | Lair:6   | Got a ripped robe
 23137 | Lair:6   | Identified the +1 robe of Piafroez {rPois} (You found it on level 6 of the Lair of Beasts)
 23569 | Orc:1    | Entered Level 1 of the Orcish Mines
 23910 | Orc:1    | Noticed Maurice
 23916 | Orc:1    | Killed Maurice
 23919 | Orc:1    | Noticed Erica
 23922 | Orc:1    | Killed Erica
 24045 | Orc:1    | Found a runed gate.
 24046 | Orc:1    | Found a runed gate.
 24047 | Orc:1    | Found a runed gate.
 24053 | Orc:1    | Noticed SevenDeadlySins's ghost (journeyman MiBe)
 24264 | Orc:2    | Entered Level 2 of the Orcish Mines
 24264 | Orc:2    | Found Huvywutt's Book Shoppe.
 24291 | Orc:2    | Noticed an orc warlord
 24408 | Orc:2    | Killed an orc warlord
 25005 | Orc:2    | Found Hymuas's Antique Armour Shop.
 25351 | Orc:2    | Found a staircase to the Elven Halls.
 25609 | Orc:2    | Found Ulun's Distillery.
 25629 | Orc:2    | Found an ancient bone altar of Kikubaaqudgha.
 25727 | Orc:2    | Noticed Erolcha
 25730 | Orc:2    | Killed Erolcha
 25752 | Orc:2    | Found a roughly hewn altar of Beogh.
 25752 | Orc:2    | Found Ygenuotu's Gadget Boutique.
 25752 | Orc:2    | Found Deteycoc's Distillery.
 25831 | Orc:2    | Found a radiant altar of Vehumet.
 26226 | D:12     | Reached skill level 10 in Fighting
 26499 | D:12     | Reached XP level 15. HP: 92/92 MP: 33/33
 27368 | D:13     | Noticed Azrael
 27560 | D:13     | Killed Azrael
 27682 | D:13     | Noticed Nessos
 27694 | D:13     | Killed Nessos
 28091 | D:13     | Noticed Kirke
 28098 | D:13     | Killed Kirke
 28211 | D:13     | Identified a scroll of acquirement
 28256 | D:13     | Reached skill level 5 in Long Blades
 28823 | D:13     | Identified Hadeaz's Incunabulum of Igneous Necromancy (Sif Muna gifted it to you on level 13 of the Dungeon)
 28823 | D:13     | Received a gift from Sif Muna
 29155 | D:13     | Found Qeask's Gadget Shoppe.
 29472 | Orc:2    | Bought twisted pearl dragon scales for 2380 gold pieces
 29482 | Orc:2    | Identified the +1 pearl dragon scales of Dogmatism {*Drain rPois rN+ MP+9 Int+3} (You bought it in a shop on level 2 of the Orcish Mines)
 30735 | D:14     | Found a gate to the Vaults.
 31252 | D:15     | Entered Level 15 of the Dungeon
 31918 | D:15     | Reached skill level 15 in Dodging
 32398 | D:15     | Found a staircase to the Depths.
 32403 | D:15     | Reached XP level 16. HP: 100/100 MP: 21/34
 32686 | D:15     | Identified the Handbook of the Blaze
 32804 | D:15     | Found a basalt altar of Yredelemnul.
 33367 | Swamp:1  | Entered Level 1 of the Swamp
 33379 | Swamp:1  | Noticed Nikola
 33391 | Swamp:1  | Killed Nikola
 33711 | Spider:1 | Entered Level 1 of the Spider Nest
 34459 | Spider:1 | Got a wavering brass ring
 34461 | Spider:1 | Identified the cursed ring of Cicoexko {+Blink rF+ rN++ MP+9 Str-2} (You found it on level 1 of the Spider Nest)
 35626 | Spider:2 | Reached skill level 18 in Conjurations
 35929 | Spider:2 | Found a runed door.
 35929 | Spider:2 | Noticed Anno's ghost (journeyman FeEn)
 36503 | Spider:3 | Identified the ring of the Gloaming {rElec rF+ rN+ MR+} (You found it on level 3 of the Spider Nest)
 36648 | Spider:3 | Identified Sif Muna's Guide on Conjuration (Sif Muna gifted it to you on level 3 of the Spider Nest)
 36648 | Spider:3 | Received a gift from Sif Muna
 36911 | Spider:4 | Entered Level 4 of the Spider Nest
 38025 | Spider:4 | Noticed Arachne
 38178 | Spider:4 | Killed Arachne
 39039 | Spider:4 | Reached XP level 17. HP: 107/107 MP: 20/35
 40251 | Spider:4 | Noticed Mara
 40255 | Spider:4 | Noticed royokou's illusion
 40816 | Spider:4 | Got a gossamer rune of Zot
 40884 | Spider:4 | Reached skill level 19 in Conjurations
 41192 | Swamp:1  | Noticed Frances
 41210 | Swamp:1  | Killed Frances
 45305 | Swamp:4  | Entered Level 4 of the Swamp
 45952 | Swamp:4  | Identified Sif Muna's Grimoire of Confrontation (Sif Muna gifted it to you on level 4 of the Swamp)
 45952 | Swamp:4  | Received a gift from Sif Muna
 46551 | Swamp:4  | Reached XP level 18. HP: 114/114 MP: 33/38
 46730 | Swamp:4  | Learned a level 7 spell: Spellforged Servitor
 46772 | Swamp:4  | Noticed the 27-headed Lernaean hydra
 46777 | Swamp:4  | Killed the 27-headed Lernaean hydra
 47186 | Swamp:4  | Got a decaying rune of Zot
 47676 | Orc:2    | Bought a potion of curing for 39 gold pieces
 47676 | Orc:2    | Bought a potion of curing for 39 gold pieces
 47676 | Orc:2    | Bought a potion of heal wounds for 65 gold pieces
 47676 | Orc:2    | Bought a potion of haste for 130 gold pieces
 47706 | Orc:2    | Bought a potion of might for 56 gold pieces
 47706 | Orc:2    | Bought a potion of magic for 112 gold pieces
 47706 | Orc:2    | Bought a potion of curing for 42 gold pieces
 47706 | Orc:2    | Bought a potion of curing for 42 gold pieces
 47706 | Orc:2    | Bought a potion of agility for 56 gold pieces
 47706 | Orc:2    | Bought a potion of curing for 42 gold pieces
 47855 | Vaults:1 | Entered Level 1 of the Vaults
 49013 | Vaults:1 | Reached skill level 5 in Summonings
 49023 | Vaults:1 | Reached skill level 10 in Long Blades
 51628 | Vaults:1 | Shot with a bolt by a yaktaur

Vault maps used:
D:1:      lightli_arrival_windingriver
D:2:      kennysheep_generic_room_9, uniq_terence, uniq_crazy_yiuf_cottage
D:3:      nicolae_overflow_crystal_walls, nicolae_qazlal_style_of_elements,
          eat_drink_and_be_merry_uskayaw
D:4:      kennysheep_kobold_camp, minmay_temple_entry_trees
D:5:      first_ration, uniq_eustachio
D:6:      serial_shops, shop
D:7:      gammafunk_temple_overflow_arena, lemuel_crystal_altar,
          uniq_prince_ribbit1
D:8:      vehumet_altar_wand_db, nicolae_overflow_hidden_temple,
          gammafunk_ghost_cemetery, basic_altar, grunt_pizzeria, uniq_joseph
D:9:      kennysheep_mini, nemelex_altar_shiori, gammafunk_temple_overflow_wave
D:10:     orc_0_dummy, gammafunk_ghost_icy, grunt_ministairs_5
D:11:     erik_lair_dragon, enter_bailey_3
D:12:     hangedman_weighted_door, st_stairs_14
D:13:     lemuel_troll_bridge, serial_shops, nicolae_shop_behind_doors,
          spider_trap, uniq_nessos, uniq_azrael, uniq_kirke
D:14:     erik_vaults_2, hangedman_decor_clover_reticule, patterned_corridor
D:15:     gammafunk_depths_entry_grave, lemuel_mausoleum_altar_yredelemnul
Lair:1:   grunt_megastairs_4, infiniplex_staircase_pool_2, lemuel_fruit_fields
Lair:2:   nicolae_spider_entry_tight_spaces, st_stairs_7, beast_lair_carwin_4
Lair:3:   minmay_swamp_entry_swarm, lemuel_fruit_tree
Lair:4:   minmay_lair_oklob_chamber, serial_bayou_shore_a
Lair:5:   slime_altar_2, lab_entry_generic, grunt_megastairs_5,
          infiniplex_staircase_pool
Lair:6:   cheibrodos_lair_end_hotspot
Swamp:1:  hangedman_swamp_cone, uniq_frances, uniq_nikola
Swamp:2:  evilmike_swamp_ruin_house_4
Swamp:3:  evilmike_swamp_ruin_rubble_2, swamp_pool1
Swamp:4:  swamp_old_school
Spider:2: ebering_ghost_reflecting_pool
Spider:4: grunt_spider_rune_parallel, nicolae_spider_webbed_stairs, uniq_mara,
          uniq_arachne
Orc:1:    gammafunk_ghost_necromancy, uniq_maurice, uniq_erica
Orc:2:    kennysheep_orc_mage_school, serial_shops, nicolae_shop_trees
Vaults:1: nicolae_vaults_little_squares_4, vaults_room_grid,
          nicolae_vaults_puzzle_piece, v_misc_4, v_misc_12,
          nicolae_vaults_big_ls, v_pattern_4, vaults_mumra_minichess_inversion,
          nicolae_vaults_little_squares_6, nicolae_vaults_shelves_hall,
          vaults_room_stairs_pillars
Vaults:2: hangedman_vaults_pinch, ontoclasm_vaults_decontamination,
          grunt_vaults_hallway_long, minmay_crypt_entry_vampire_xt,
          grunt_vaults_bifocal, hangedman_vaults_corner,
          nicolae_vaults_network_quincunx, grunt_vaults_funnel,
          vaults_standard_mumra_enter_the_diamond, v_misc_10,
          nicolae_vaults_shelves_hall

Skill      XL: |  1  2  3  4  5  6  7  8  9 10 11 12 13 14 15 16 17 18 |
---------------+-------------------------------------------------------+-----
Conjurations   | 5 6 7 8 10 11 12 14 15 16 17 18 19 | 19.2
Spellcasting   | 4 5 6 8 9 10 11 12 14 | 14.0
Hexes          | 1 3 4 |  4.0
Translocations | 2 4 |  4.0
Dodging        | 4 6 8 10 11 12 15 16 17 | 17.8
Fighting       | 2 4 5 7 8 10 11 12 13 | 13.5
Invocations    | 4 6 8 9 |  9.0
Air Magic      | 3 4 |  4.0
Long Blades    | 3 6 7 9 10 | 10.3
Summonings     | 7 |  7.3
Stealth        | |  2.4

Action                   |  1- 3 |  4- 6 |  7- 9 | 10-12 | 13-15 | 16-18 || total
-------------------------+-------+-------+-------+-------+-------+-------++-------
Melee: Dagger            |     1 |       |       |       |       |       ||     1
       Flail             |       |    22 |       |       |       |       ||    22
       Falchion          |       |    13 |    28 |       |       |       ||    41
       Great sword       |       |       |       |    98 |   183 |   192 ||   473
 Cast: Magic Dart        |    66 |    78 |   115 |   229 |    48 |       ||   536
       Searing Ray       |     1 |    17 |    37 |    75 |    19 |     1 ||   150
       Iskenderun's Myst |       |     4 |    36 |    70 |   281 |   102 ||   493
       Dazzling Spray    |       |     2 |     8 |    23 |    12 |    11 ||    56
       Fulminant Prism   |       |       |     3 |     8 |    71 |    23 ||   105
       Force Lance       |       |       |    10 |    77 |   157 |   399 ||   643
       Mephitic Cloud    |       |       |       |    25 |    25 |    21 ||    71
       Lightning Bolt    |       |       |       |     6 |     5 |     2 ||    13
       Conjure Flame     |       |       |       |     1 |       |     1 ||     2
       Orb of Destructio |       |       |       |       |   105 |   317 ||   422
       Blink             |       |       |       |       |       |     5 ||     5
       Spellforged Servi |       |       |       |       |       |     1 ||     1
Invok: Divine Energy     |       |     1 |       |       |       |       ||     1
       Channel Magic     |       |       |       |       |     2 |     3 ||     5
  Use: Scroll            |       |       |    16 |     2 |    21 |    13 ||    52
       Potion            |       |       |       |     5 |       |     6 ||    11
 Stab: Sleeping          |       |     1 |       |     1 |     1 |     3 ||     6
       Invisible         |       |       |     1 |     2 |     1 |       ||     4
       Confused          |       |       |       |     8 |       |     1 ||     9
       Distracted        |       |       |       |       |     1 |       ||     1
  Eat: Chunk             |       |     8 |    19 |    28 |    66 |    70 ||   191
       Ration            |       |       |       |       |     8 |    34 ||    42
Armor: Robe              |       |    15 |    24 |    52 |   111 |   134 ||   336
Dodge: Dodged            |     2 |    33 |    61 |   246 |   475 |   803 ||  1620
Block: Other             |       |     7 |     3 |       |       |     6 ||    16
       Rpst.: Falchion   |       |     4 |    23 |       |       |       ||    27
       Great sword       |       |       |     2 |    71 |   108 |   141 ||   322

Table legend:
 A = Spawn XP
 B = Non-spawn XP
 C = Spawn XP percentage of total XP
 D = Spawn monster count
 E = Non-spawn monster count
 F = Spawn count percentage of total count
 G = Total turns spent on level
                    A         B        C        D         E        F      G
               +---------+---------+-------+---------+---------+-------+---------
         Total |       0 |  355823 |   0.0 |       0 |    1219 |   0.0 | 51628
               +---------+---------+-------+---------+---------+-------+---------
           D:1 |       0 |      42 |   0.0 |       0 |      19 |   0.0 |   646
           D:2 |       0 |     141 |   0.0 |       0 |      25 |   0.0 |   983
           D:3 |       0 |     142 |   0.0 |       0 |      30 |   0.0 |  1498
           D:4 |       0 |     607 |   0.0 |       0 |      48 |   0.0 |  2012
           D:5 |       0 |     858 |   0.0 |       0 |      16 |   0.0 |  1014
           D:6 |       0 |    1747 |   0.0 |       0 |      33 |   0.0 |  1086
           D:7 |       0 |    1040 |   0.0 |       0 |      18 |   0.0 |   759
           D:8 |       0 |    4447 |   0.0 |       0 |      41 |   0.0 |  1063
           D:9 |       0 |    2734 |   0.0 |       0 |      17 |   0.0 |  1060
          D:10 |       0 |    4675 |   0.0 |       0 |      32 |   0.0 |  1340
          D:11 |       0 |    4517 |   0.0 |       0 |      33 |   0.0 |  1885
          D:12 |       0 |    6261 |   0.0 |       0 |      35 |   0.0 |  1466
          D:13 |       0 |   21640 |   0.0 |       0 |      67 |   0.0 |  2045
          D:14 |       0 |   17854 |   0.0 |       0 |      39 |   0.0 |  3941
          D:15 |       0 |   18209 |   0.0 |       0 |      48 |   0.0 |  1118
        Lair:1 |       0 |    4090 |   0.0 |       0 |      23 |   0.0 |  1153
        Lair:2 |       0 |    5321 |   0.0 |       0 |      32 |   0.0 |  1719
        Lair:3 |       0 |    8370 |   0.0 |       0 |      33 |   0.0 |  2710
        Lair:4 |       0 |   16723 |   0.0 |       0 |      38 |   0.0 |  2030
        Lair:5 |       0 |    9528 |   0.0 |       0 |      26 |   0.0 |  2126
        Lair:6 |       0 |   17193 |   0.0 |       0 |      60 |   0.0 |  1649
       Swamp:1 |       0 |   20244 |   0.0 |       0 |      36 |   0.0 |  2015
       Swamp:2 |       0 |    6095 |   0.0 |       0 |      16 |   0.0 |  1133
       Swamp:3 |       0 |   17633 |   0.0 |       0 |      43 |   0.0 |  1220
       Swamp:4 |       0 |   34290 |   0.0 |       0 |      64 |   0.0 |  1970
      Spider:1 |       0 |    5770 |   0.0 |       0 |      22 |   0.0 |   813
      Spider:2 |       0 |   10534 |   0.0 |       0 |      25 |   0.0 |  1631
      Spider:3 |       0 |   12802 |   0.0 |       0 |      26 |   0.0 |  2169
      Spider:4 |       0 |   36797 |   0.0 |       0 |      77 |   0.0 |  2470
         Orc:1 |       0 |    4047 |   0.0 |       0 |      33 |   0.0 |   969
         Orc:2 |       0 |   14023 |   0.0 |       0 |      81 |   0.0 |  1626
      Vaults:1 |       0 |   47449 |   0.0 |       0 |      83 |   0.0 |  2294
               +---------+---------+-------+---------+---------+-------+---------
